 Dungeon Crawl Stone Soup version 0.15.0-16-gce31824 (webtiles) character file.

95 Charly the Firebug (level 4, -3/33 HPs)
             Began as a Draconian Fire Elementalist on Sept 5, 2014.
             Slain by a gnoll
             ... wielding a +0 halberd
              (18 damage)
             ... on Level 2 of the Dungeon on Sept 6, 2014.
             The game lasted 00:09:26 (1745 turns).

Charly the Firebug (Draconian Fire Elementalist)    Turns: 1745, Time: 00:09:26

HP  -3/33        AC  5     Str 11      XL: 4   Next: 40%
MP   3/7         EV 12     Int 16      God:
Gold 65          SH  0     Dex 11      Spells:  2 memorised,  3 levels left

rFire  + . .     SeeInvis .     (no weapon)
rCold  . . .     Clarity  .     (armour unavailable)
rNeg   . . .     rCorr    .     (no shield)
rPois  .         rRot     .     (helmet restricted)
rElec  .         Spirit   .     (no cloak)
SustAb .         Warding  .     (no gloves)
rMut   .         Stasis   .     (no boots)
Gourm  .                        (no amulet)
MR     .....                    (no ring)
                                a - ring of protection from fire

@: not resistant to hostile enchantments, unstealthy
A: unfitting armour, cold-blooded, AC +5
a: no special abilities


You were on level 2 of the Dungeon.
You were not hungry.

You visited 1 branch of the dungeon, and saw 2 of its levels.

You collected 65 gold pieces.

Inventory:

Comestibles
 c - 2 bread rations
Scrolls
 e - a scroll of recharging {unknown}
 f - 2 scrolls of amnesia {unknown}
 i - a scroll of remove curse {unknown}
 j - a scroll of fear {unknown}
 k - a scroll of enchant weapon {unknown}
 l - a scroll of noise {unknown}
Jewellery
 a - a ring of protection from fire (left hand)
Potions
 h - a potion of brilliance
Books
 b - a book of Flames

   Spells                             Type                      Level
   *Flame Tongue                      Conjuration/Fire             1
   Throw Flame                        Conjuration/Fire             2
   *Conjure Flame                     Conjuration/Fire             3
   Inner Flame                        Hexes/Fire                   3
   Sticky Flame                       Conjuration/Fire             4
   Fireball                           Conjuration/Fire             5


   Skills:
 - Level 1.7 Dodging
 - Level 1.7 Stealth
 - Level 2.0 Spellcasting
 + Level 3.1 Conjurations
 + Level 4.2 Fire Magic


You had 3 spell levels left.
You knew the following spells:

 Your Spells              Type           Power        Failure   Level  Hunger
c - Conjure Flame         Conj/Fire      ##......     14%         3    ####...
f - Flame Tongue          Conj/Fire      ##...        6%          1    #......


Dungeon Overview and Level Annotations

Branches:
Dungeon (2/15)

Altars:
Okawaru


Innate Abilities, Weirdness & Mutations

Your plain brown scales are hard (AC +5).
Your body does not fit into most forms of armour.
Your cold-blooded metabolism reacts poorly to cold.


Message History

You see here an adder skeleton.
You see here a giant newt corpse.
You see here a giant newt corpse.
The gnoll is too close now for your liking.
Casting: Flame Tongue
Confirm with . or Enter, or press ? or * to list all spells.
Aiming: Flame Tongue
Press: ? - help, Shift-Dir - straight line, f - gnoll
Aim: a gnoll, wielding a halberd (hasn't noticed you)
The flame tongue misses the gnoll.
The gnoll closely misses you.
Casting: Flame Tongue
Confirm with . or Enter, or press ? or * to list all spells.
Aiming: Flame Tongue
Press: ? - help, Shift-Dir - straight line, f/p - gnoll
Aim: a gnoll, wielding a halberd The flame tongue hits the gnoll.
The gnoll is heavily wounded.
The gnoll hits you with a halberd!!
Ouch! That really hurt!
You die...

#g##.##.##.....l≈≈≈≈≈≈.#
#...l........#..≈≈≈≈≈≈.#
####l.####...#..≈≈≈≈≈..#
#..####.......≈≈≈≈..#
#ll...#..##.#.......#
##.##.#..##.#####...##
#.##.#.........l....#
#..g..........##.##.#
####@###......##l##l#
#%# #......##.Klg. #%#
#......#####g# #%#
##...#.# ##.# #.#
#.###... ...# #)# #.
.... .s## #.# .#####.#.
#.# g...[...#.
#.#######.......#.


You could see a gnoll.

Vanquished Creatures
  Jessica (D:2)
  2 adders (D:2)
  A gnoll (D:2)
  An inept item mimic (D:2)
  A worm (D:2)
  3 giant geckos (D:1)
  3 bats
  2 goblins
  4 hobgoblins
  5 giant cockroaches
  7 giant newts
  4 kobolds
  3 rats
37 creatures vanquished.

Notes
Turn   | Place    | Note
--------------------------------------------------------------
     0 | D:1      | Charly, the Draconian Fire Elementalist, began the quest for the Orb.
     0 | D:1      | Reached XP level 1. HP: 14/14 MP: 3/3
     0 | D:1      | Upgraded the game from 0.15.0-14-g6bbbb5c to 0.15.0-16-gce31824
   560 | D:1      | Reached XP level 2. HP: 15/20 MP: 0/4
  1133 | D:2      | Noticed Jessica
  1164 | D:2      | Killed Jessica
  1164 | D:2      | Reached XP level 3. HP: 20/26 MP: 0/6
  1170 | D:2      | Learned a level 3 spell: Conjure Flame
  1481 | D:2      | Found an iron altar of Okawaru.
  1581 | D:2      | Reached skill level 4 in Fire Magic
  1581 | D:2      | Reached XP level 4. HP: 12/33 MP: 0/7
  1745 | D:2      | Slain by a gnoll

Action                   |  1- 3 |  4- 6 || total
-------------------------+-------+-------++-------
Melee: Unarmed           |    49 |    46 ||    95
 Cast: Flame Tongue      |    59 |    11 ||    70
  Use: Scroll            |     5 |       ||     5
       Potion            |     3 |       ||     3
  Eat: Chunk             |     3 |     1 ||     4
